 Dungeon Sprint DCSS version 0.23.2-33-g5129a83184 (webtiles) character file.

Game seed: 10200257934777365831

1025 Groucho the Unseen (level 8, -5/36 HPs)
             Began as a Spriggan Enchanter on July 17, 2019.
             Slain by a blink frog (17 damage)
             ... in the Dungeon (Sprint II: "The Violet Keep of Menkaure").
             The game lasted 00:08:14 (729 turns).

Groucho the Unseen (Spriggan Enchanter)              Turns: 729, Time: 00:08:15

Health: -5/36      AC:  1    Str:  4    XL:     8   Next: 2%
Magic:  9/23       EV: 25    Int: 16    God:
Gold:   562        SH:  0    Dex: 19    Spells: 18/27 levels left

rFire    . . .     SeeInvis +   a - +1 dagger
rCold    . . .     Gourm    .   (shield restricted)
rNeg     . . .     Faith    .   b - +0 robe
rPois    .         Spirit   .   (helmet restricted)
rElec    .         Reflect  .   (no cloak)
rCorr    .         Harm     .   (gloves unavailable)
MR       +....     NoTele   +   (boots unavailable)
Stlth    ++++++....             (no amulet)
HPRegen  0.12/turn              (no ring)
MPRegen  0.18/turn              (no ring)

@: very quick
A: very small, unfitting armour, see invisible, deformed body, herbivore, speed
3, slow metabolism 2
a: no special abilities


You were in the Dungeon.
You were not hungry.

You visited 1 branch You collected 972 gold pieces.
You spent 410 gold pieces at shops.

Inventory:

Hand Weapons
 a - a +1 dagger (weapon)
Armour
 b - a +0 robe (worn)
Jewellery
 c - an uncursed ring of flight
 h - an uncursed ring of poison resistance
Scrolls
 j - a scroll of blinking
Potions
 e - a potion of curing
 f - a potion of heal wounds
 g - a potion of haste
Comestibles
 d - a ration


   Skills:
 + Level 6.1 Short Blades
 + Level 8.5 Dodging
 - Level 15.4 Stealth
 - Level 10.0 Spellcasting
 + Level 11.1 Hexes


You had 18 spell levels left.
You knew the following spells:

 Your Spells              Type           Power        Failure   Level  Hunger
a - Corona                Hex            #####..      1%          1    None
b - Ensorcelled Hibernat  Hex/Ice        ####..       1%          2    None
c - Confuse               Hex            #####...     1%          3    None
d - Dazzling Spray        Conj/Hex       ####..       2%          3    None

Your spell library contained the following spells:

 Spells                   Type           Power        Failure   Level  Hunger
 Tukima's Dance           Hex            #####...     1%          3    None


Dungeon Overview and Level Annotations

Branches:
Dungeon (1/1)

Altars:

Shops:
D :([::==?=[!(!}%?

Annotations:
D exclusion: oklob plant


Innate Abilities, Weirdness & Mutations

You are very small and have problems with some larger weapons.
You are too small for most types of armour.
You have supernaturally acute eyesight. (SInv)
You are a herbivore.
You cover ground extremely quickly.
You need to consume almost no food.
Armour fits poorly on your strangely shaped body.


Message History

Casting: Ensorcelled Hibernation (safe; 1% risk of failure)
Confirm with . or Enter, or press ? or * to list all spells.
Aiming: Ensorcelled Hibernation (safe; 1% risk of failure)
Press: ? - help, Shift-Dir - straight line, f/p - blink frog
Aim: a blink frog (chance to defeat MR: 37%)
The blink frog easily resists.
The blink frog hits you.
The blink frog blinks!
The blink frog completely misses you.
Casting: Ensorcelled Hibernation (safe; 1% risk of failure)
Confirm with . or Enter, or press ? or * to list all spells.
Aiming: Ensorcelled Hibernation (safe; 1% risk of failure)
Press: ? - help, Shift-Dir - straight line, f/p - blink frog
Aim: a blink frog (chance to defeat MR: 37%)
The blink frog easily resists.
The blink frog hits you.
The blink frog blinks!
Casting: Ensorcelled Hibernation (safe; 1% risk of failure)
Confirm with . or Enter, or press ? or * to list all spells.
Aiming: Ensorcelled Hibernation (safe; 1% risk of failure)
Press: ? - help, Shift-Dir - straight line, f/p - blink frog
Aim: a blink frog (translocational energy, chance to defeat MR: 37%)
The blink frog easily resists.
The blink frog hits you!
You die...

##.⌠.∩....#≈≈####...#### .##
##..∩.∩...#≈##†###'###†##..#
##...∩.∩..#≈#.#.##.##...#..#
##....∩.∩.'≈'###'.<.'.##+..#
##.....∩.∩#≈#.#.##.####.#....
#▓▓▓▓▓▓▓###≈##.###'###†##....
##)xx######≈≈####.#.### ≈...
#($D#[ ##§≈≈#†.#..# ≈≈§§
#∩P!+h #@#≈###.### §≈§≈ #!$$
% #F#≈≈##+# ≈§≈≈ #|(. ### ≈≈≈
§≈§≈ ##+ +++# ≈


You could see a blink frog.

Vanquished Creatures
  2 hippogriffs (D)
  4 neqoxecs (D)
  Menkaure (D)
  4 worker ants (D)
  3 worms (D)
14 creatures vanquished.

Vanquished Creatures (others)
  A centaur warrior (D)
  A crocodile (D)
2 creatures vanquished.

Grand Total: 16 creatures vanquished

Notes
Turn   | Place    | Note
-------+----------+-------------------------------------------
     0 | D        | Groucho the Spriggan Enchanter began the quest for the Orb.
     0 | D        | Reached XP level 1. HP: 9/9 MP: 5/5
     1 | D        | Noticed a worker ant
     1 | D        | Noticed a worker ant
     1 | D        | Noticed a worker ant
     1 | D        | Noticed a worker ant
    10 | D        | Killed a worker ant
    10 | D        | Reached skill level 7 in Stealth
    10 | D        | Reached XP level 2. HP: 13/13 MP: 6/8
    13 | D        | Reached skill level 8 in Stealth
    13 | D        | Reached skill level 5 in Hexes
    13 | D        | Reached XP level 3. HP: 14/16 MP: 7/10
    17 | D        | Reached skill level 5 in Spellcasting
    17 | D        | Reached XP level 4. HP: 19/21 MP: 8/12
    23 | D        | Killed a crocodile
   388 | D        | Learned a level 2 spell: Ensorcelled Hibernation
   392 | D        | Learned a level 3 spell: Confuse
   396 | D        | Learned a level 3 spell: Dazzling Spray
   400 | D        | Reached skill level 5 in Dodging
   410 | D        | Noticed a hippogriff
   410 | D        | Noticed a hippogriff
   430 | D        | Reached skill level 9 in Stealth
   448 | D        | Noticed a neqoxec
   448 | D        | Noticed a neqoxec
   448 | D        | Noticed a neqoxec
   448 | D        | Noticed a neqoxec
   453 | D        | Killed a neqoxec
   453 | D        | Reached skill level 12 in Stealth
   453 | D        | Reached XP level 5. HP: 17/24 MP: 3/15
   471 | D        | Gained mutation: Armour fits poorly on your strangely
                  | shaped body. [a neqoxec]
   473 | D        | Killed a neqoxec
   473 | D        | Reached skill level 13 in Stealth
   473 | D        | Reached XP level 6. HP: 14/28 MP: 6/18
   480 | D        | Killed a neqoxec
   480 | D        | Reached skill level 14 in Stealth
   485 | D        | Killed a neqoxec
   485 | D        | Reached skill level 15 in Stealth
   485 | D        | Reached XP level 7. HP: 16/32 MP: 13/20
   495 | D        | Noticed an obsidian statue
   651 | D        | Killed a hippogriff
   651 | D        | Reached skill level 10 in Spellcasting
   651 | D        | Reached skill level 10 in Hexes
   654 | D        | Killed a hippogriff
   654 | D        | Reached skill level 5 in Short Blades
   658 | D        | Found Huick's Magic Scroll Shop.
   659 | D        | Found Weh Enk's Distillery.
   659 | D        | Found Fouteewn's Antique Weapon Shop.
   659 | D        | Found Intika's Jewellery Boutique.
   659 | D        | Found Cokkemp's Jewellery Boutique.
   659 | D        | Found Woamauv's Book Shop.
   659 | D        | Found Nyeqaagh's Magic Scroll Shop.
   659 | D        | Found Lumm's Distillery.
   659 | D        | Found Sougaub's Book Boutique.
   659 | D        | Found Reutagh's Gadget Shop.
   659 | D        | Found Cecolun's Jewellery Boutique.
   660 | D        | Found Jofir's Food Boutique.
   660 | D        | Found Kabry's Antique Armour Shop.
   660 | D        | Found Ciuviric's Antique Armour Shop.
   660 | D        | Found Togoixt's Antique Weapon Boutique.
   662 | D        | Noticed Menkaure
   662 | D        | Noticed an unseen horror
   662 | D        | Noticed an unseen horror
   662 | D        | Noticed an oklob plant
   690 | D        | Killed Menkaure
   690 | D        | Reached XP level 8. HP: 15/36 MP: 14/23
   693 | D        | Found Ufivaseo's Book Shoppe.
   699 | D        | Noticed a fire dragon
   702 | D        | Bought an uncursed ring of flight for 210 gold pieces
   702 | D        | Noticed a polar bear
   703 | D        | Bought an uncursed ring of poison resistance for 200 gold
                  | pieces
   716 | D        | Killed a centaur warrior
   722 | D        | Noticed a blink frog
   729 | D        | Slain by a blink frog

Skill      XL: |  1  2  3  4  5  6  7 |
---------------+----------------------+-----
Stealth        | 7 8 12 13 15 | 15.4
Spellcasting   | 4 5 7 8 9 10 | 10.0
Hexes          | 4 5 7 8 9 11 | 11.1
Short Blades   | 2 3 6 |  6.1
Dodging        | 4 5 8 |  8.5

Action                   |  1- 3 |  4- 6 |  7- 9 || total
-------------------------+-------+-------+-------++-------
Melee: Dagger            |    11 |    20 |    11 ||    42
 Cast: Confuse           |       |     9 |     3 ||    12
       Ensorcelled Hiber |       |     4 |     5 ||     9
  Use: Potion            |     1 |     2 |       ||     3
 Stab: Sleeping          |       |     6 |     2 ||     8
       Confused          |       |     6 |     1 ||     7
Armor: Robe              |       |       |     1 ||     1
Dodge: Dodged            |     7 |    20 |     7 ||    34
